 Dungeon Sprint DCSS version 0.21.2 (webtiles) character file.

3462 Fang the Severer (level 10, -4/73 HPs)
             Began as a Gargoyle Berserker on Dec 20, 2018.
             Was the Champion of Trog.
             Slain by a vampire knight
             ... wielding a cursed -1 dire flail
              (22 damage)
             ... in the Dungeon (Sprint VII: "The Pits").
             The game lasted 00:02:10 (1328 turns).

Fang the Severer (Gargoyle Berserker)               Turns: 1328, Time: 00:02:11

Health: -4/73      AC: 24    Str: 26    XL:     10   Next: 6%
Magic:  10/10      EV: 10    Int: 12    God:    Trog [******]
Gold:   0          SH:  0    Dex: 12    Spells: 9/9 levels left

rFire    . . .     SeeInvis .   p - +6 battleaxe of Zyech {speed, rC+ Dex+3}
rCold    + . .     Gourm    .   (shield currently unavailable)
rNeg     + . .     Faith    .   m - +2 plate armour
rPois    ∞         Spirit   .   u - +0 helmet
rElec    +         Reflect  .   (no cloak)
rCorr    .         Harm     .   (no gloves)
MR       .....     NoTele   +   (no boots)
Stlth    ..........             (no amulet)
HPRegen  0.22/turn              o - +3 ring of strength
MPRegen  0.12/turn              r - +3 ring of intelligence

@: berserk cooldown, slowed, very slow
A: negative energy resistance 1, electricity resistance, unbreathing,
petrification resistance, rot immunity, AC +7
a: Berserk, Trog's Hand, Brothers in Arms, Burn Spellbooks, Renounce Religion


You were in the Dungeon.
You worshipped Trog.
Trog was exalted by your worship.
You were not hungry.

You visited 1 branch

Inventory:

Hand Weapons
 j - a +4 antimagic battleaxe
 n - a +2 hand axe of chopping
 p - the +6 battleaxe of Zyech (weapon) {speed, rC+ Dex+3}
   (Trog gifted it to you in the Dungeon)

   Attacks with this weapon are significantly faster.
   It affects your dexterity (+3).
   It protects you from cold.
 t - a +2 war axe of venom
Armour
 m - a +2 plate armour (worn)
 u - a +0 helmet (worn)
Jewellery
 o - a +3 ring of strength (left hand)
 r - a +3 ring of intelligence (right hand)
Scrolls
 i - a scroll of blinking
 k - 3 scrolls of remove curse
 l - a scroll of summoning
Potions
 a - 2 potions of invisibility
 d - 10 potions of curing
 e - 8 potions of heal wounds
 f - 3 potions of haste
 g - 4 potions of magic
 h - 3 potions of berserk rage
 q - a potion of might
 s - a potion of agility
Comestibles
 c - 9 rations


   Skills:
 + Level 13.0 Fighting
 + Level 15.0 Axes
 + Level 8.1 Armour
 + Level 5.6 Dodging
 + Level 3.1 Stealth


You had 9 spell levels left.
You didn't know any spells.

Dungeon Overview and Level Annotations

Branches:
Dungeon (1/1)

Altars:
Ashenzari
Cheibriados
Dithmenos
Elyvilon
Fedhas
Gozag
Hepliaklqana
Kikubaaqudgha
Makhleb
Nemelex Xobeh
Okawaru
Qazlal
Ru
Sif Muna
Trog
Uskayaw
Vehumet
Wu Jian
Xom
Yredelemnul
Zin
The Shining One
Beogh
Jiyva
Lugonu

Annotations:
D Prince Ribbit


Innate Abilities, Weirdness & Mutations

You are resistant to torment.
Your stone body is resilient. (AC +7)
You are immune to poison.
You resist negative energy. (rN+)
You are resistant to electric shocks. (rElec)
You can survive without breathing.
You are immune to petrification.
You are immune to rotting.


Message History

The vampire knight bites you but does no damage.
You are too injured to fight recklessly!
You are too injured to fight recklessly!
You are too injured to fight recklessly!
You are too injured to fight recklessly!
You are too injured to fight recklessly!
You are too injured to fight recklessly!
You are too injured to fight recklessly!
You are too injured to fight recklessly!
You are too injured to fight recklessly!
You are too injured to fight recklessly!
You are too injured to fight recklessly!
You are too injured to fight recklessly!
You barely miss the vampire knight.
The vampire knight hits you with an enchanted dire flail!!
* * * LOW HITPOINT WARNING * * *
The vampire knight bites you but does no damage.
Your plate armour prevents you from hitting the vampire knight.
The vampire knight hits you with an enchanted dire flail!!
You die...

.....##''#####
.....##......#
.....##......#
.<...###....## ###
.....# ##''## ###..+
.....###†.).###....#
.....##......#.†..#
#######......')†..+
#######......#..@V#
#..)[###....###....#
#..[[# ##''##
###..'... '..))#
#.).)# ###...#
#..).##......# ...
#..))##......# ..
############## #


You could see a vampire knight.

Vanquished Creatures
  A two-headed ogre (D)
  A death yak (D)
  An ugly thing (D)
  A deep elf mage (D)
  A demonic crawler (D)
  A bog body (D)
  A spriggan (D)
  A redback (D)
  A water elemental (D)
  2 floating eyes (D)
  A black bear (D)
  2 orc priests (D)
  A gnoll shaman (D)
  Jessica (D)
  An iguana (D)
  A worker ant (D)
  A mummy (D)
  5 gnolls (D)
  3 adders (D)
  An ooze (D)
  A leopard gecko (D)
  3 orcs (D)
  A goblin (D)
  4 jackals (D)
  A ball python (D)
38 creatures vanquished.

Notes
Turn   | Place    | Note
-------+----------+-------------------------------------------
     0 | D        | Fang the Gargoyle Berserker began the quest for the Orb.
     0 | D        | Reached XP level 1. HP: 14/14 MP: 1/1
    16 | D        | Reached skill level 3 in Axes
    69 | D        | Found a bloodstained altar of Trog.
    69 | D        | Found a deep blue altar of Sif Muna.
    69 | D        | Found a viscous altar of Jiyva.
    69 | D        | Found a hazy altar of Hepliaklqana.
    69 | D        | Found an opulent altar of Gozag.
    70 | D        | Found a glowing golden altar of the Shining One.
    70 | D        | Found a glowing silver altar of Zin.
    70 | D        | Found a basalt altar of Yredelemnul.
    70 | D        | Found a shimmering altar of Xom.
    70 | D        | Found an ornate altar of the Wu Jian Council.
    70 | D        | Found a sacrificial altar of Ru.
    70 | D        | Found a stormy altar of Qazlal.
    70 | D        | Found an iron altar of Okawaru.
    70 | D        | Found a sparkling altar of Nemelex Xobeh.
    70 | D        | Found a burning altar of Makhleb.
    70 | D        | Found a blossoming altar of Fedhas.
    70 | D        | Found a white marble altar of Elyvilon.
    70 | D        | Found a shadowy altar of Dithmenos.
    70 | D        | Found a snail-covered altar of Cheibriados.
    72 | D        | Found a radiant altar of Vehumet.
    72 | D        | Found a corrupted altar of Lugonu.
    72 | D        | Found a roughly hewn altar of Beogh.
   109 | D        | Noticed a floating eye
   112 | D        | Killed a floating eye
   112 | D        | Reached skill level 5 in Axes
   112 | D        | Reached XP level 2. HP: 23/23 MP: 2/2
   112 | D        | Reached XP level 3. HP: 28/28 MP: 3/3
   112 | D        | Reached XP level 4. HP: 32/32 MP: 4/4
   122 | D        | Reached ** piety under Trog
   122 | D        | Reached skill level 6 in Axes
   423 | D        | Reached XP level 5. HP: 31/38 MP: 5/5
   487 | D        | Reached *** piety under Trog
   495 | D        | Reached **** piety under Trog
   775 | D        | Noticed Prince Ribbit
   775 | D        | Noticed a black bear
   783 | D        | Reached skill level 7 in Axes
   785 | D        | Reached ***** piety under Trog
   792 | D        | Killed a black bear
   792 | D        | Reached skill level 8 in Axes
   792 | D        | Reached skill level 1 in Stealth
   792 | D        | Reached XP level 6. HP: 44/45 MP: 6/6
   898 | D        | Noticed a floating eye
   901 | D        | Paralysed by a floating eye for 4 turns
   909 | D        | Killed a floating eye
   909 | D        | Reached skill level 9 in Axes
   915 | D        | Reached XP level 7. HP: 52/52 MP: 7/7
   927 | D        | Reached ****** piety under Trog
   927 | D        | Received a gift from Trog
   930 | D        | Got an iridescent battleaxe {god gift}
   931 | D        | Identified the +6 battleaxe of Zyech {speed, rC+ Dex+3} (Trog gifted it to you in the Dungeon)
   932 | D        | Noticed Jessica
   932 | D        | Noticed a water elemental
   932 | D        | Noticed a purple ugly thing
   936 | D        | Killed a water elemental
   936 | D        | Reached skill level 10 in Fighting
   936 | D        | Reached skill level 10 in Axes
   936 | D        | Reached skill level 5 in Armour
   936 | D        | Killed Jessica
   941 | D        | Killed a purple ugly thing
   941 | D        | Reached skill level 11 in Axes
   941 | D        | Reached skill level 5 in Dodging
   941 | D        | Reached XP level 8. HP: 60/60 MP: 8/8
  1113 | D        | Found a hide-covered altar of Uskayaw.
  1113 | D        | Found an ancient bone altar of Kikubaaqudgha.
  1113 | D        | Found a shattered altar of Ashenzari.
  1140 | D        | Noticed a redback
  1140 | D        | Noticed a spriggan
  1146 | D        | Killed a redback
  1146 | D        | Reached skill level 12 in Axes
  1149 | D        | Killed a spriggan
  1186 | D        | Noticed a deep elf mage
  1186 | D        | Noticed a two-headed ogre
  1190 | D        | Received a gift from Trog
  1195 | D        | Noticed a redback
  1195 | D        | Killed a two-headed ogre
  1195 | D        | Reached skill level 13 in Axes
  1195 | D        | Reached XP level 9. HP: 62/65 MP: 9/9
  1196 | D        | Killed a deep elf mage
  1196 | D        | Reached skill level 14 in Axes
  1304 | D        | Noticed a demonic crawler
  1304 | D        | Noticed a death yak
  1310 | D        | Killed a demonic crawler
  1310 | D        | Received a gift from Trog
  1315 | D        | Killed a death yak
  1315 | D        | Reached skill level 15 in Axes
  1315 | D        | Reached XP level 10. HP: 66/73 MP: 10/10
  1321 | D        | Noticed a vampire knight
  1328 | D        | Slain by a vampire knight

Skill      XL: |  1  2  3  4  5  6  7  8  9 |
---------------+----------------------------+-----
Fighting       | 6 7 8 9 11 12 13 | 13.0
Axes           | 5 6 8 9 11 13 15 | 15.0
Armour         | 3 4 5 6 8 |  8.1
Dodging        | 2 3 4 5 |  5.6
Stealth        | 1 2 3 |  3.1

Action                   |  1- 3 |  4- 6 |  7- 9 | 10-12 || total
-------------------------+-------+-------+-------+-------++-------
Melee: Hand axe          |     7 |    64 |    12 |       ||    83
       Battleaxe         |       |       |    31 |     6 ||    37
Invok: Berserk           |       |     3 |     3 |       ||     6
  Eat: Chunk             |       |     3 |     3 |     1 ||     7
Armor: Animal skin       |     1 |    11 |       |       ||    12
       Plate armour      |       |    22 |    17 |     7 ||    46
Dodge: Dodged            |     2 |    56 |    22 |     1 ||    81
